 Dungeon Crawl Stone Soup version 0.29-a0-892-g2c4c91d9db (webtiles) character file.

Game seed: 16816195509844452165

2317 prdox the Covert (level 9, -1/40 HPs)
             Began as a Spriggan Enchanter on July 23, 2022.
             Was a Follower of Dithmenos.
             Slain by a scorpion (4 damage)
             ... summoned by Amaemon
             ... on level 8 of the Dungeon.
             The game lasted 00:11:26 (6271 turns).

prdox the Covert (Spriggan Enchanter)               Turns: 6271, Time: 00:11:27

Health: -1/40      AC:  7    Str:  8    XL:     9   Next: 18%
Magic:  23/23      EV: 18    Int: 17    God:    Dithmenos [*.....]
Gold:   980        SH:  0    Dex: 21    Spells: 18/26 levels left

rFire   . . .      SeeInvis +   j - +8 trident "Transmigrator" {holy, Dex+6}
rCold   . . .      Faith    .   (shield currently unavailable)
rNeg    . . .      Spirit   .   b - +1 robe
rPois   .          Reflect  .   (helmet restricted)
rElec   .          Harm     .   (no cloak)
rCorr   .          Rampage  .   (gloves unavailable)
Will    +....                   (boots unavailable)
Stlth   ++++++....              i - amulet of regeneration
HPRegen 0.93/turn               k - +4 ring of slaying
MPRegen 0.18/turn               w - +4 ring of protection

@: mighty, lethally poisoned (-1 -> -13), wreathed by umbra, very quick
A: very small, no large weapons, unfitting armour, see invisible, speed 3
a: Renounce Religion


You were on level 8 of the Dungeon.
You worshipped Dithmenos.
Dithmenos was aware of your devotion.
You visited 2 branches of the dungeon, and saw 9 of its levels.

You collected 1290 gold pieces.
You spent 310 gold pieces at shops.

Inventory:

Hand Weapons
 a - a +2 dagger
 j - the +8 trident "Transmigrator" (weapon) {holy, Dex+6}
   (You found it on level 2 of the Dungeon)

   It has been blessed by the Shining One to cause great damage to the undead
   and demons.
   Dex:       It affects your dexterity (+6).
 r - a +2 dagger of protection
Missiles
 m - 19 poisoned darts (quivered)
Armour
 b - a +1 robe (worn)
Jewellery
 i - an amulet of regeneration (around neck)
 k - a +4 ring of slaying (left hand)
 w - a +4 ring of protection (right hand)
Wands
 u - a wand of flame (16)
Scrolls
 g - 4 scrolls of fear
 h - 8 scrolls of teleportation
 o - a scroll of magic mapping
 p - 4 scrolls of identify
 s - a scroll of enchant weapon
 t - 2 scrolls of amnesia
 v - a scroll of butterflies
Potions
 c - 5 potions of invisibility
 d - 2 potions of haste
 e - 6 potions of heal wounds
 f - 7 potions of curing
 l - 3 potions of magic
 n - 3 potions of flight
 q - a potion of mutation


   Skills:
 + Level 0.6 Fighting
 + Level 1.6 Short Blades
 + Level 3.2 Dodging
 + Level 10.8 Stealth
 + Level 9.1 Spellcasting
 + Level 9.4 Hexes


You had 18 spell levels left.
You knew the following spells:

 Your Spells              Type           Power      Damage    Failure   Level
a - Ensorcelled Hibernat  Hex/Ice        46%        N/A       1%          2
b - Tukima's Dance        Hex            39%        N/A       1%          3
d - Confusing Touch       Hex            39%        N/A       1%          3

Your spell library contained the following spells:

 Spells                   Type           Power      Damage    Failure   Level
 Dazzling Flash           Conj/Hex       46%        N/A       4%          3
 Ignite Poison            Fire/Tmut/Pois 7%         N/A       28%         3
 Mephitic Cloud           Conj/Pois/Air  7%         N/A       28%         3
 Freezing Cloud           Conj/Ice/Air   3%         6-21      95%         5


Dungeon Overview and Level Annotations

Branches:
Dungeon (8/15)             Temple (1/1) D:5
   Lair: D:8-11

Altars:
Ashenzari
Cheibriados
Dithmenos
Elyvilon
Fedhas
Gozag
Hepliaklqana
Makhleb
Nemelex Xobeh
Okawaru
Qazlal
Ru
Sif Muna
Trog
Uskayaw
Vehumet
Wu Jian
Xom
Yredelemnul
Zin
The Shining One

Shops:
D:3 (   D:5 !

Annotations:
D:8 Amaemon


Innate Abilities, Weirdness & Mutations

You are very small and have problems with some larger weapons.
You are too small for most types of armour.
You have supernaturally acute eyesight. (SInv)
You cover ground extremely quickly. (Speed+++)


Message History

The scorpion stings you but does no damage.
The scorpion barely misses you. Amaemon misses you.
Amaemon claws you but does no damage. Amaemon closely misses you.
The scorpion stings you. The orange demon misses you. The scorpion misses you.
The scorpion completely misses you. The scorpion closely misses you.
You puncture Amaemon!
Amaemon convulses!
Amaemon is almost dead.
The scorpion closely misses you. The scorpion completely misses you.
The scorpion barely misses you.
Amaemon hits you with a +1 demon whip of venom!
You are poisoned.
Amaemon claws you. Amaemon closely misses you. The scorpion misses you.
The orange demon stings you but does no damage.
The scorpion barely misses you. The scorpion closely misses you. x2
The scorpion barely misses you. The scorpion stings you.
You are lethally poisoned!
The scorpion poisons you!
The scorpion stings you but does no damage.
You closely miss Amaemon.
Amaemon is almost dead.
* * * LOW HITPOINT WARNING * * *
You feel extremely sick. The scorpion misses you.
The scorpion closely misses you. The scorpion barely misses you.
Amaemon points at the orange demon and mumbles some strange words.
The orange demon seems to grow toxic.
The orange demon barely misses you. The scorpion closely misses you.
The scorpion stings you but does no damage.
The scorpion misses you. The scorpion closely misses you. x2
The scorpion barely misses you. x2; The orange demon completely misses you.
Amaemon closely misses you. x2; Amaemon barely misses you.
You closely miss Amaemon.
Amaemon is almost dead.
* * * LOW HITPOINT WARNING * * *
You feel extremely sick.
The scorpion misses you. x2; The scorpion barely misses you.
The scorpion stings you but does no damage.
The scorpion completely misses you. The scorpion barely misses you.
The scorpion stings you.
You die...

... #................#.
...###..................
....#.........##........
#............##........ #
###...#.........#........ ..
............##.##....... ...
#...............#...... #..
###....sss............###
#...#.....4s@s.)..........###
.#...4......6ss...............
.............s........#.......
....#...#.....................
# ##..#.###(#.≈≈≈......#..##
#....# #.#..≈....#####...
...... #.#≈≈_.≈.## ####
#..#........≈≈≈≈.....#
..#.......|≈≈.≈...##..


You could see Amaemon (invisible), an orange demon (curare) and 8 scorpions.

Vanquished Creatures
  Menkaure (D:7)
  A water moccasin (D:6)
  2 sky beasts
  An ice beast (D:7)
  2 black bears
  2 centaurs (D:8)
  6 phantoms
  A kobold brigand (D:8)
  A necrophage (D:4)
  2 scorpions
  Dowan (D:5)
  A howler monkey (D:5)
  A crimson imp (D:6)
  2 jellies (D:7)
  4 hounds
  An orc priest (D:3)
  A gnoll bouda (D:5)
  Natasha (D:2)
  An iguana (D:5)
  An orc wizard (D:5)
  5 gnolls
  3 adders
  A shadow imp (D:5)
  5 white imps
  2 ufetubi
  3 worms
  3 dart slugs
  17 orcs
  8 ball pythons
  3 endoplasms
  6 goblins
  11 hobgoblins
  3 jackals
  9 kobolds
  6 quokkas
  3 bats
  3 frilled lizards (D:3)
  7 rats
131 creatures vanquished.

Vanquished Creatures (collateral kills)
  Duvessa (D:5)
1 creature vanquished.

Grand Total: 132 creatures vanquished

Notes
Turn   | Place    | Note
-------+----------+-------------------------------------------
     0 | D:1      | prdox the Spriggan Enchanter began the quest for the Orb.
     0 | D:1      | Reached XP level 1. HP: 9/9 MP: 5/5
   161 | D:1      | Reached XP level 2. HP: 4/13 MP: 7/7
   164 | D:1      | Learned a level 2 spell: Ensorcelled Hibernation
   594 | D:1      | Identified a scroll of acquirement
   594 | D:1      | Acquired 908 gold pieces
   863 | D:1      | You fall into a shaft and drop 1 floor!
  1296 | D:2      | Identified the +8 trident "Transmigrator" {holy, Dex+6}
  1315 | D:2      | Reached XP level 3. HP: 16/16 MP: 9/9
  1422 | D:2      | Noticed Natasha
  1427 | D:2      | Killed Natasha
  1642 | D:2      | Reached XP level 4. HP: 21/21 MP: 11/11
  1653 | D:2      | Reached skill level 5 in Hexes
  2029 | D:3      | Learned a level 3 spell: Tukima's Dance
  2033 | D:3      | Learned a level 3 spell: Confusing Touch
  2051 | D:3      | Found Beechug's Antique Weapon Shoppe.
  2129 | D:3      | Found a radiant altar of Vehumet.
  2158 | D:3      | Found a faded altar of an unknown god.
  2741 | D:3      | Reached XP level 5. HP: 24/24 MP: 13/13
  2919 | D:3      | Found a stormy altar of Qazlal.
  2959 | D:3      | Reached skill level 5 in Spellcasting
  3110 | D:4      | Reached skill level 5 in Stealth
  3418 | D:4      | Found a bloodstained altar of Trog.
  3664 | D:4      | Noticed a phantom
  3679 | D:4      | Killed a phantom
  3680 | D:4      | Reached XP level 6. HP: 20/28 MP: 11/15
  3742 | D:5      | Entered Level 5 of the Dungeon
  3742 | D:5      | Found Gephoqe Huhi's Distillery.
  3750 | D:5      | Bought a potion of heal wounds for 50 gold pieces
  3750 | D:5      | Bought a potion of heal wounds for 50 gold pieces
  3750 | D:5      | Bought a potion of heal wounds for 50 gold pieces
  3750 | D:5      | Bought a potion of mutation for 80 gold pieces
  3750 | D:5      | Bought a potion of magic for 80 gold pieces
  3810 | D:5      | Reached skill level 6 in Stealth
  3884 | D:5      | Noticed Duvessa
  3884 | D:5      | Noticed Dowan
  3890 | D:5      | Found a glowing silver altar of Zin.
  3898 | D:5      | Killed Duvessa
  3899 | D:5      | Reached XP level 7. HP: 17/32 MP: 3/17
  3918 | D:5      | Killed Dowan
  3919 | D:5      | Reached skill level 7 in Stealth
  4075 | D:5      | Found a staircase to the Ecumenical Temple.
  4104 | Temple   | Entered the Ecumenical Temple
  4150 | Temple   | Became a worshipper of Dithmenos the Shadowed
  4245 | D:5      | Found an opulent altar of Gozag.
  4359 | D:5      | Reached skill level 8 in Stealth
  4376 | D:5      | Found a shimmering altar of Xom.
  4457 | D:5      | Reached XP level 8. HP: 35/36 MP: 19/19
  4726 | D:6      | Reached skill level 9 in Stealth
  4901 | D:6      | Reached * piety under Dithmenos
  5589 | D:7      | Noticed Menkaure
  5595 | D:7      | Reached skill level 10 in Stealth
  5739 | D:7      | Killed Menkaure
  5789 | D:7      | Reached XP level 9. HP: 39/39 MP: 21/23
  5896 | D:7      | Found an ornate altar of the Wu Jian Council.
  6027 | D:8      | Found a blossoming altar of Fedhas.
  6052 | D:8      | Noticed an orange demon
  6259 | D:8      | Noticed Amaemon
  6271 | D:8      | Slain by a scorpion

Illustrated notes

Levels and vault maps discovered:
D:1:      onia_arrival_handbag, layout_loops_ring
D:2:      wad_crossroads, layout_basic, wad_orctagon, uniq_natasha
D:3:      layout_basic, nicolae_vehumet_altar_sigil,
          mainiacjoe_overflow_boulevard, serial_shops, shop,
          hellmonk_ecumenical_altar_heavens_door, kennysheep_generic_room_4
D:4:      layout_cave_pools, mainiacjoe_overflow_cross_hatched,
          roderic_nine_men_s_morris
D:5:      layout_gridville, zin_academy, lemuel_tele_altar,
          mainiacjoe_overflow_concentric_impassable, temple_green, serial_shops,
          shop, hangedman_decor_lopped, uniq_duvessa
D:6:      layout_basic, minmay_fire_ice_demons
D:7:      layout_cave_pools, kennysheep_mini_moat, uniq_menkaure
D:8:      layout_rooms, fedhas_altar_2, uniq_amaemon
Temple:   cyrus_circular_temple

Skill      XL: |  1  2  3  4  5  6  7  8  9 |
---------------+----------------------------+-----
Spellcasting   | 3 4 5 6 7 9 |  9.1
Hexes          | 4 5 6 7 9 |  9.4
Stealth        | 5 6 8 10 | 10.8
Dodging        | 3 |  3.2
Fighting       | |  0.6
Short Blades   | |  1.6

Action                   |  1- 3 |  4- 6 |  7- 9 || total
-------------------------+-------+-------+-------++-------
Melee: Dagger            |    72 |       |       ||    72
       Trident           |     1 |   105 |   141 ||   247
 Cast: Ensorcelled Hiber |     7 |       |     1 ||     8
       Tukima's Dance    |       |     5 |       ||     5
       Confusing Touch   |       |     2 |     3 ||     5
  Use: Scroll            |     7 |     7 |     4 ||    18
       Potion            |       |       |     4 ||     4
 Stab: Sleeping          |    20 |    18 |    13 ||    51
       Distracted        |       |     1 |     3 ||     4
       Confused          |       |     3 |       ||     3
Armor: Robe              |     4 |     7 |    21 ||    32
Dodge: Dodged            |    33 |    48 |   162 ||   243

Table legend: (Time is in decaauts)
 A = Elapsed time spent in this place.
 B = Non-inter-level travel time spent in this place.
 C = Inter-level travel time spent in this place.
 D = Time resting spent in this place.
 E = Time spent auto-exploring this place.
 F = Levels seen in this place.
 G = Mean time per level.
                   A        B        C        D        E       F      G
               +--------+--------+--------+--------+--------+-----+--------+
         Total |   4642 |   4503 |    139 |    601 |   2952 |   9 |  515.8 |
       Dungeon |   4605 |   4475 |    130 |    601 |   2935 |   8 |  575.6 |
        Temple |     36 |     28 |      8 |      0 |     16 |   1 |   36.0 |
               +--------+--------+--------+--------+--------+-----+--------+

Top non-repeatable levels by time:
     D:1: 841 daAuts
     D:3: 774 daAuts
     D:2: 697 daAuts
     D:5: 613 daAuts
     D:6: 582 daAuts
     D:4: 489 daAuts
     D:7: 365 daAuts
     D:8: 240 daAuts
  Temple: 36 daAuts
